 Dungeon Crawl Stone Soup version 0.18.1-50-g88ac8fd (webtiles) character file.

985 Ponchio the Magician (level 8, -1/44 HPs)
             Began as a Tengu Conjurer on Oct 10, 2016.
             Was a Believer of Vehumet.
             Slain by a water moccasin zombie (3 damage)
             ... in an ossuary.
             The game lasted 00:37:33 (5236 turns).

Ponchio the Magician (Tengu Conjurer)               Turns: 5236, Time: 00:37:34

Health: -1/44      AC:  6    Str:  8    XL:     8   Next: 18%
Magic:  20/20      EV: 13    Int: 17    God:    Vehumet [**....]
Gold:   121        SH:  0    Dex: 16    Spells: 2 memorised, 18 levels left

rFire  . . .     SeeInvis .     i - +3 dagger (venom)
rCold  + . .     Gourm    .     p - +2 robe {rC+}
rNeg   . . .     Faith    .     (no shield)
rPois  .         Spirit   .     d - +2 hat
rElec  .         Dismiss  .     (no cloak)
rCorr  .         Reflect  .     (no gloves)
SustAt .         Harm     .     (boots unavailable)
MR     .....                    (no amulet)
Stlth  ++........               (no ring)
                                (no ring)

@: very slightly contaminated, not resistant to hostile enchantments, unstealthy
A: beak, talons 3, able to fly 1
a: Fly, Renounce Religion


You were in an ossuary.
You worshipped Vehumet.
Vehumet was pleased with you.
You were not hungry.

You visited 1 branch of the dungeon, and saw 4 of its levels.
You also visited: Sewer and Ossuary.

You collected 121 gold pieces.

Inventory:

Hand Weapons
 h - a +2 dagger of electrocution
 i - a +3 dagger of venom (weapon)
Armour
 a - a +0 robe
 d - a +2 hat (worn)
 m - a +0 ring mail
 p - a +2 robe of cold resistance (worn)
Wands
 r - a wand of lightning (9/15)
Scrolls
 g - a scroll of teleportation
 n - 2 scrolls of fog
 s - 3 scrolls of fear
 t - a scroll of blinking
 w - 2 scrolls of remove curse
 x - a scroll of recharging {unknown}
 y - a scroll of noise {unknown}
Potions
 f - 5 potions of flight
 j - a potion of haste {unknown}
 k - 2 potions of ambrosia {unknown}
 l - a potion of mutation {unknown}
 o - 3 potions of degeneration {unknown}
 u - 2 potions of magic {unknown}
 v - 3 potions of brilliance {unknown}
 z - a potion of agility {unknown}
Books
 b - a book of Conjurations

   Spells                             Type                      Level
   a - Magic Dart                     Conjuration                  1
   b - Searing Ray                    Conjuration                  2
   c - Dazzling Spray                 Conjuration/Hexes            3
   d - Fulminant Prism                Conjuration/Hexes            4
   e - Iskenderun's Mystic Blast      Conjuration                  4
   f - Iskenderun's Battlesphere      Conjuration/Charms           5
Comestibles
 c - 2 bread rations
 q - a meat ration


   Skills:
 + Level 2.0 Fighting
 + Level 1.2 Short Blades
 + Level 3.0 Dodging
 - Level 2.0 Stealth
 + Level 2.1 Unarmed Combat
 + Level 7.8 Spellcasting
 - Level 5.3 Conjurations


You had 18 spell levels left.
You knew the following spells:

 Your Spells              Type           Power        Failure   Level  Hunger
a - Magic Dart            Conj           ###.         1%          1    None
b - Dazzling Spray        Conj/Hex       ###...       12%         3    #......


Dungeon Overview and Level Annotations

Branches:
Dungeon (4/15)
 Temple: D:4-7

Altars:
Okawaru
Trog
Vehumet

Annotations:
Ossuary Kloppie's ghost, novice MfBe


Innate Abilities, Weirdness & Mutations

You have a beak for a mouth.
You have claws for feet.
You can fly.


Message History

* * * LOW HITPOINT WARNING * * *
The water moccasin zombie bites you.
* * * LOW HITPOINT WARNING * * *
The big kobold zombie hits you but does no damage.
The water moccasin zombie bites you.
* * * LOW HITPOINT WARNING * * *
Read which item? (? for menu, Esc to quit)
Blink to where?
Press: ? - help, Dir - move target cursor
As you read the scroll of blinking, it crumbles to dust.
Drink which item? (? for menu, Esc to quit)
Okay, then.
Evoke which item? (* to show all) (? for menu, Esc to quit)
Zapping:
r - a wand of lightning (will waste charges)
Press: ? - help, Shift-Dir - straight line You hear a mighty clap of thunder!
The bolt of lightning hits the water moccasin zombie. x4
Evoking this partially-identified wand wasted a few charges.
You open the door. The water moccasin zombie bites you.
You die...

###'# #.^^# #^^^#
#ZZ^# #^^^# ##
###########'## #..
#....#...'Z..#
#...#....'.Z.#...#
+...'@ZZZ#...#...#
##################


You could see 4 water moccasin zombies.

Vanquished Creatures
  Sigmund (D:3)
  4 big kobolds (Sewer)
  A water moccasin zombie (Ossuary)
  An orc priest (D:3)
  A hound (D:4)
  A giant frog skeleton (D:4)
  An orc wizard (D:3)
  An iguana (D:3)
  Terence (D:3)
  Natasha (twice) (D:2)
  4 gnolls (D:4)
  9 adders
  2 oozes
  An adder skeleton (D:3)
  4 adder zombies (Ossuary)
  2 dart slugs (D:2)
  2 worms (D:2)
  9 giant geckos
  9 orcs
  4 bats
  5 giant cockroaches
  6 goblins
  6 hobgoblins
  4 jackals (D:2)
  15 kobolds
  A quokka (D:3)
  5 ball pythons
  3 giant newts
  2 hobgoblin zombies (Ossuary)
  6 kobold zombies (Ossuary)
  An orc zombie (Ossuary)
  10 rats
124 creatures vanquished.

Vanquished Creatures (others)
  Natasha (D:2)
  An ooze (D:2)
2 creatures vanquished.

Grand Total: 126 creatures vanquished

Notes
Turn   | Place    | Note
--------------------------------------------------------------
     0 | D:1      | Ponchio the Tengu Conjurer began the quest for the Orb.
     0 | D:1      | Reached XP level 1. HP: 10/10 MP: 4/4
   171 | D:1      | Reached XP level 2. HP: 15/15 MP: 1/6
   542 | D:1      | Reached skill level 3 in Spellcasting
   875 | D:1      | Reached XP level 3. HP: 19/19 MP: 5/8
  1148 | D:1      | Learned a level 3 spell: Dazzling Spray
  1210 | D:2      | Noticed Natasha
  1216 | D:2      | Killed Natasha
  1216 | D:2      | Reached skill level 4 in Spellcasting
  1216 | D:2      | Reached XP level 4. HP: 20/24 MP: 9/11
  1372 | D:2      | Noticed Natasha
  1374 | D:2      | Killed Natasha
  1455 | D:2      | Gained mutation: You can fly. [Tengu growth]
  1455 | D:2      | Reached XP level 5. HP: 28/28 MP: 12/12
  1474 | D:2      | Killed Natasha
  1916 | D:2      | Found a radiant altar of Vehumet.
  1926 | D:2      | Became a worshipper of Vehumet
  2252 | D:3      | Found an iron altar of Okawaru.
  2272 | D:3      | Found a bloodstained altar of Trog.
  2330 | D:3      | Noticed Sigmund
  2351 | D:3      | Found a glowing drain.
  2355 | D:3      | Reached skill level 5 in Spellcasting
  2384 | Sewer    | Entered a sewer
  2709 | Sewer    | Noticed a big kobold
  2712 | Sewer    | Noticed a big kobold
  2732 | Sewer    | Killed a big kobold
  2732 | Sewer    | Reached XP level 6. HP: 13/32 MP: 5/15
  2738 | Sewer    | Reached skill level 6 in Spellcasting
  3202 | Sewer    | Reached * piety under Vehumet
  3202 | Sewer    | Offered knowledge of Sting by Vehumet.
  3369 | Sewer    | Reached XP level 7. HP: 36/36 MP: 10/18
  3552 | D:3      | Killed Sigmund
  3552 | D:3      | Reached skill level 7 in Spellcasting
  4181 | D:3      | Noticed Terence
  4181 | D:3      | Reached skill level 1 in Unarmed Combat
  4195 | D:3      | Killed Terence
  4401 | D:3      | Reached skill level 1 in Fighting
  4410 | D:3      | Reached ** piety under Vehumet
  4609 | D:3      | Offered knowledge of Throw Frost by Vehumet.
  4772 | D:4      | Reached XP level 8. HP: 38/43 MP: 14/20
  4822 | D:4      | Reached skill level 1 in Short Blades
  4933 | D:4      | Found a sand-covered staircase.
  4937 | Ossuary  | Entered an ossuary
  5186 | Ossuary  | Noticed Kloppie's ghost (novice MfBe)
  5230 | Ossuary  | HP: 1/44 [water moccasin zombie (3)]
  5236 | Ossuary  | Slain by a water moccasin zombie

Skill      XL: |  1  2  3  4  5  6  7  8 |
---------------+-------------------------+-----
Spellcasting   | 3 4 5 6 7 |  7.8
Unarmed Combat | 1 2 |  2.1
Fighting       | 1 2 |  2.0
Short Blades   | 1 |  1.2
Dodging        | 3 |  3.0
Stealth        | |  2.0
Conjurations   | |  5.3

Action                   |  1- 3 |  4- 6 |  7- 9 || total
-------------------------+-------+-------+-------++-------
Melee: Unarmed           |    29 |       |       ||    29
       Kick              |     9 |     8 |    27 ||    44
       Peck              |     4 |     8 |    21 ||    33
       Dagger            |     7 |    60 |   121 ||   188
 Cast: Magic Dart        |    42 |   104 |    53 ||   199
       Dazzling Spray    |       |     4 |    22 ||    26
 Abil: Fly               |       |     4 |     1 ||     5
Evoke: Wand              |       |       |     1 ||     1
  Use: Scroll            |     4 |     4 |     6 ||    14
       Potion            |       |     3 |     2 ||     5
 Stab: Invisible         |       |     1 |     3 ||     4
  Eat: Chunk             |     1 |     3 |     3 ||     7
       Beef jerky        |       |     1 |       ||     1
       Bread ration      |       |     1 |     1 ||     2
Armor: Robe              |    11 |    21 |    33 ||    65
       Ring mail         |     1 |     9 |       ||    10
Dodge: Dodged            |    19 |    91 |    78 ||   188
